 Dungeon Crawl Stone Soup version 0.20.1-1-g8b1a95d (console) character file.

2380 vuolankoinen the Sneak (level 9, -3/41 HPs)
             Began as a Felid Summoner on Nov 8, 2017.
             Was a Believer of Sif Muna.
             Slain by an orc warrior
             ... wielding a +0 trident
              (17 damage)
             ... in a bailey.
             The game lasted 01:00:03 (7099 turns).

vuolankoinen the Sneak (Felid Summoner)             Turns: 7099, Time: 01:00:04

Health: -3/41      AC:  2    Str:  4    XL:     9   Next: 22%
Magic:  2/19       EV: 23    Int: 19    God:    Sif Muna [**....]
Gold:   534        SH:  0    Dex: 19    Spells: 3/20 levels left
                                        Lives:  0   Deaths: 2

rFire    + . .     SeeInvis +     - Unarmed
rCold    . . .     Gourm    .   (shield unavailable)
rNeg     . . .     Faith    .   (armour unavailable)
rPois    .         Spirit   .   (helmet unavailable)
rElec    .         Reflect  .   (cloak unavailable)
rCorr    .         Harm     .   (gloves unavailable)
MR       +....                  (boots unavailable)
Stlth    ++++......             d - amulet of regeneration
Regen    0.6/turn               y - ring of wizardry
MPRegen  0.2/turn               (no ring)

@: very slightly contaminated, quick
A: no armour, no weapons or thrown items, stealth, claws 1, fangs 3, repulsion
field 1, see invisible, agile 1, carnivore 3, fire resistance 1, speed 1, shaggy
fur 2, slow metabolism 1, sharp paws
a: Divine Energy, Renounce Religion


You were in a bailey.
You worshipped Sif Muna.
Sif Muna was pleased with you.
You were very full.

You visited 2 branches of the dungeon, and saw 9 of its levels.
You also visited: Bailey.

You collected 534 gold pieces.

Inventory:

Hand Weapons
 u - the cursed +1 falchion "Itisar" {venom, rC+ MP+9 Int+2 Dex-3, unknown}
   (You found it on level 4 of the Dungeon)

   It poisons the flesh of those it strikes.
   It affects your intelligence (+2).
   It affects your dexterity (-3).
   It protects you from cold.
   It affects your magic capacity (+9).
   It has a curse placed upon it.
Jewellery
 d - an amulet of regeneration (around neck)
 y - a ring of wizardry (left paw)
Wands
 t - a wand of lightning (0/15)
 v - a wand of flame (11/48)
 x - a wand of clouds (4/9)
Scrolls
 e - a scroll of remove curse
 j - 3 scrolls of blinking {unknown}
 k - 3 scrolls of fog {unknown}
 l - 2 scrolls of random uselessness {unknown}
 q - 2 scrolls of amnesia {unknown}
 r - a scroll of teleportation {unknown}
Potions
 c - a potion of berserk rage
 g - a potion of mutation
 i - a potion of heal wounds
 m - a potion of brilliance
 n - a potion of haste
 o - 2 potions of flight {unknown}
 s - a potion of agility
 w - a potion of might {unknown}
Books
 a - a book of Callings

   Spells                             Type                      Level
   a - Summon Small Mammal            Summoning                    1
   b - Call Imp                       Summoning                    2
   c - Call Canine Familiar           Summoning                    3
   d - Summon Guardian Golem          Hexes/Summoning              3
   e - Summon Lightning Spire         Summoning/Air                4
   f - Summon Ice Beast               Ice/Summoning                4
 h - a book of Annihilations

   Spells                             Type                      Level
   a - Poison Arrow                   Conjuration/Poison           6
   b - Chain Lightning                Conjuration/Air              8
   c - Lehudib's Crystal Spear        Conjuration/Earth            8
   d - Glaciate                       Conjuration/Ice              9
   e - Fire Storm                     Conjuration/Fire             9
 p - a book of Minor Magic

   Spells                             Type                      Level
   a - Magic Dart                     Conjuration                  1
   b - Blink                          Translocation                2
   c - Call Imp                       Summoning                    2
   d - Slow                           Hexes                        2
   e - Conjure Flame                  Conjuration/Fire             3
   f - Mephitic Cloud                 Conjuration/Poison/Air       3
Comestibles
 b - 5 meat rations
 f - 3 royal jellies


   Skills:
 * Level 6.0 Fighting
 * Level 5.3 Dodging
 + Level 6.9 Stealth
 + Level 6.6 Unarmed Combat
 + Level 6.2 Spellcasting
 + Level 2.3 Hexes
 + Level 6.5 Summonings
 + Level 1.5 Translocations


You had 3 spell levels left.
You knew the following spells:

 Your Spells              Type           Power        Failure   Level  Hunger
a - Summon Small Mammal   Summ           ####         1%          1    None
b - Call Imp              Summ           ####....     1%          2    None
c - Call Canine Familiar  Summ           ####....     1%          3    ##.....
d - Blink                 Tloc           N/A          3%          2    None
e - Slow                  Hex            ##......     2%          2    None
f - Summon Ice Beast      Ice/Summ       ###.....     12%         4    ####...
g - Mephitic Cloud        Conj/Pois/Air  #.......     13%         3    ##.....


Dungeon Overview and Level Annotations

Branches:
Dungeon (8/15)             Temple (1/1) D:4
   Lair: D:8-11

Altars:
Ashenzari
Cheibriados
Dithmenos
Elyvilon
Fedhas
Gozag
Hepliaklqana
Makhleb
Okawaru
Qazlal
Ru
Sif Muna
Trog
Uskayaw
Vehumet
Yredelemnul
Zin
The Shining One

Annotations:
D:5 AsandaNima's ghost, novice MiFi
D:8 exclusion: vampire mosquito


Innate Abilities, Weirdness & Mutations

You cannot wear armour.
You are incapable of wielding weapons or throwing items.
Your paws allow you to move quietly. (Stealth)
You have sharp claws.
You have razor-sharp teeth.
You have supernaturally acute eyesight. (SInv)
You are carnivorous and can eat meat at any time.
You cover ground quickly.
You are covered in thick fur. (AC +2)
You have a slow metabolism.
Your sharp claws are effective at attacking unaware monsters.
You are surrounded by a mild repulsion field. (EV +2)
You are agile. (Dex +2)
Your flesh is heat resistant. (rF+)


Message History

You scratch the orc warrior but do no damage.
The orc warrior is severely wounded.
Your hound bites the orc warrior but does no damage.
The orc barely misses your crimson imp.
The orc warrior hits your hound with a spear!
The orc barely misses you.
Your hound completely misses the orc warrior.
The orc warrior hits you from afar with a trident!
You claw the orc warrior!
The orc warrior is almost dead.
The orc misses you. The orc warrior completely misses you.
Your hound barely misses the orc warrior.
Your crimson imp closely misses the orc warrior.
The orc hits you from afar with a spear!
You scratch the orc warrior.
You kill the orc warrior!
Sif Muna accepts your kill.
Your Fighting skill increases to level 6!
The orc warrior hits you from afar with a trident!
You die...

###### ############
#.....# ##........∩.##
.......######............#
.oo.o5.#o...#......)..)).#
....).ooo)h.'.......).).∩#
..o..).#o)@.#.......).)..#
.oo....######............#
#.o...# ##........∩.##
###### ############


You could see 2 orc warriors, 4 orcs, a friendly hound and a friendly crimson
imp.

Vanquished Creatures
  A two-headed ogre (D:5)
  Pikel (D:5)
  The ghost of StylePro the Skirmisher, an amateur NaFi (D:3)
  Sigmund (D:2)
  2 orc warriors
  2 sky beasts (D:5)
  2 centaurs
  2 ogres
  4 bullfrogs
  3 wights (D:6)
  A howler monkey (D:4)
  A crimson imp (D:7)
  4 hounds
  Crazy Yiuf (D:2)
  A centaur skeleton (D:5)
  4 orc priests (D:5)
  A bullfrog skeleton (D:6)
  2 iguanas
  An orc wizard (D:4)
  2 worker ants (D:7)
  A hound zombie (D:7)
  4 gnolls
  7 adders
  A shadow imp (D:5)
  An ooze (D:1)
  A worm (D:4)
  2 dart slugs
  4 leopard geckos
  13 orcs
  4 bats
  3 giant cockroaches
  14 hobgoblins
  11 jackals
  2 quokkas
  2 ball pythons
  6 frilled lizards
  22 goblins
  A jackal skeleton (D:3)
  6 kobolds
  7 rats
149 creatures vanquished.

Vanquished Creatures (collateral kills)
  Grinder (D:3)
  A sky beast (D:5)
  2 orc warriors (Bailey)
  2 ogres
  A scorpion (D:7)
  6 wights (D:6)
  A hound (D:6)
  2 orc wizards
  Ijyb (D:6)
  A worker ant (D:5)
  Robin (D:2)
  4 gnolls
  14 orcs
  2 goblins (D:2)
  2 hobgoblins (D:1)
  A bush (D:2)
  2 fungi (D:2)
44 creatures vanquished.

Vanquished Creatures (others)
  A slave (D:5)
  A gnoll (D:5)
  A quokka skeleton (D:5)
3 creatures vanquished.

Grand Total: 196 creatures vanquished

Notes
Turn   | Place    | Note
-------+----------+-------------------------------------------
     0 | D:1      | vuolankoinen the Felid Summoner began the quest for the Orb.
     0 | D:1      | Reached XP level 1. HP: 7/7 MP: 4/4
   125 | D:1      | Reached skill level 1 in Fighting
   167 | D:1      | Reached XP level 2. HP: 12/12 MP: 6/6
   185 | D:1      | Reached skill level 1 in Unarmed Combat
   366 | D:1      | Reached XP level 3. HP: 15/15 MP: 7/7
   796 | D:2      | Noticed Sigmund
   891 | D:2      | Found a faded altar of an unknown god.
  1019 | D:2      | Noticed Robin
  1236 | D:2      | Found a bloodstained altar of Trog.
  1262 | D:2      | Killed Robin
  1262 | D:2      | Reached XP level 4. HP: 17/19 MP: 5/8
  1275 | D:2      | Found an opulent altar of Gozag.
  1571 | D:2      | Found a runed door.
  1820 | D:3      | Noticed Ijyb
  1951 | D:3      | Learned a level 2 spell: Call Imp
  1955 | D:3      | Learned a level 3 spell: Call Canine Familiar
  2210 | D:3      | Noticed Grinder
  2213 | D:3      | Paralysed by Grinder for 6 turns
  2216 | D:3      | Slain by Grinder
  2217 | D:3      | Reached XP level 3. HP: -2/15 MP: 7/7
  2280 | D:4      | Noticed an ogre
  2501 | D:4      | Got a scorched falchion
  2515 | D:4      | Reached XP level 4. HP: 19/19 MP: 8/8
  2569 | D:4      | Found a staircase to the Ecumenical Temple.
  2578 | Temple   | Entered the Ecumenical Temple
  2645 | Temple   | Became a worshipper of Sif Muna the Loreminder
  2668 | D:4      | Gained mutation: You are surrounded by a mild repulsion field. (EV +2) [potion of mutation]
  2668 | D:4      | Gained mutation: Your flesh is heat resistant. (rF+) [potion of mutation]
  2668 | D:4      | Gained mutation: You are agile. (Dex +2) [potion of mutation]
  3054 | D:4      | Reached XP level 5. HP: 20/22 MP: 6/9
  3374 | D:5      | Entered Level 5 of the Dungeon
  3483 | D:5      | Noticed AsandaNima's ghost (novice MiFi)
  3621 | D:4      | Killed an ogre
  3621 | D:4      | Gained mutation: You are covered in thick fur. (AC +2) [Felid growth]
  3621 | D:4      | Reached XP level 6. HP: 27/27 MP: 6/10
  3760 | D:4      | Reached skill level 5 in Stealth
  3795 | D:5      | Noticed a sky beast
  3825 | D:5      | Killed a sky beast
  3825 | D:5      | Reached XP level 7. HP: 22/31 MP: 5/12
  3845 | D:5      | Learned a level 2 spell: Blink
  3848 | D:5      | Learned a level 2 spell: Slow
  3884 | D:5      | Noticed Pikel
  3893 | D:5      | Noticed a two-headed ogre
  4013 | D:2      | Killed Sigmund
  4013 | D:2      | Reached skill level 1 in Hexes
  4079 | D:2      | Noticed Crazy Yiuf
  4083 | D:2      | Killed Crazy Yiuf
  4083 | D:2      | Reached skill level 1 in Translocations
  4142 | D:3      | Noticed StylePro's ghost (amateur NaFi)
  4173 | D:3      | Killed StylePro's ghost
  4229 | D:3      | Killed Grinder
  4372 | D:5      | Reached XP level 8. HP: 30/36 MP: 14/14
  4467 | D:5      | Reached skill level 5 in Summonings
  4619 | D:5      | Killed Pikel
  4619 | D:5      | Reached * piety under Sif Muna
  4619 | D:5      | Reached skill level 5 in Unarmed Combat
  4776 | D:5      | Found a white marble altar of Elyvilon.
  4776 | D:5      | Found a glowing silver altar of Zin.
  4777 | D:5      | Found a stormy altar of Qazlal.
  5231 | D:6      | Found a blossoming altar of Fedhas.
  5234 | D:6      | Found a shadowy altar of Dithmenos.
  5237 | D:6      | Found a sacrificial altar of Ru.
  5357 | D:6      | Reached skill level 5 in Dodging
  5688 | D:5      | Demolished by a two-headed ogre
  5689 | D:5      | Reached XP level 7. HP: -17/33 MP: 3/15
  5779 | D:5      | Learned a level 4 spell: Summon Ice Beast
  5922 | D:5      | Reached skill level 5 in Spellcasting
  5922 | D:5      | Reached XP level 8. HP: 29/36 MP: 7/16
  6012 | D:5      | Killed a two-headed ogre
  6012 | D:5      | Reached skill level 5 in Fighting
  6253 | D:6      | Found a stormy altar of Qazlal.
  6476 | D:6      | Killed Ijyb
  6553 | D:7      | Reached ** piety under Sif Muna
  6590 | D:7      | Reached XP level 9. HP: 35/40 MP: 19/19
  6915 | D:8      | Found a flagged portal.
  6929 | D:8      | Learned a level 3 spell: Mephitic Cloud
  6930 | Bailey   | Entered a bailey
  7099 | Bailey   | Slain by an orc warrior

Skill      XL: |  1  2  3  4  5  6  7  8  9 |
---------------+----------------------------+-----
Fighting       | 1 2 3 5 6 |  6.0
Unarmed Combat | 1 2 3 4 6 |  6.6
Dodging        | 3 4 5 |  5.3
Stealth        | 3 4 5 6 |  6.9
Spellcasting   | 3 5 6 |  6.2
Hexes          | 1 2 |  2.3
Translocations | 1 |  1.5
Summonings     | 6 |  6.5

Action                   |  1- 3 |  4- 6 |  7- 9 || total
-------------------------+-------+-------+-------++-------
Melee: Unarmed           |   249 |   266 |   334 ||   849
       Bite              |    20 |    27 |    33 ||    80
       Punch             |       |     2 |     9 ||    11
 Cast: Summon Small Mamm |     8 |    16 |    26 ||    50
       Call Canine Famil |       |     5 |    37 ||    42
       Call Imp          |       |     6 |    47 ||    53
       Slow              |       |       |    11 ||    11
       Blink             |       |       |     1 ||     1
       Summon Ice Beast  |       |       |     5 ||     5
Evoke: Wand              |       |       |     4 ||     4
  Use: Potion            |       |     5 |     1 ||     6
       Scroll            |       |     6 |     1 ||     7
 Stab: Distracted        |     4 |     1 |     6 ||    11
       Sleeping          |     2 |    12 |    17 ||    31
  Eat: Chunk             |    11 |     9 |    13 ||    33
Armor: Skin              |    17 |     2 |     7 ||    26
Dodge: Dodged            |   213 |   129 |   288 ||   630
